AoeStats
← K1llaCapPilla

Nomad

509743535Analyzed
2v2 RM · 4d ago on Sep 27, 2026· 38m 31s· 4 players
Game mode
Random Map
Map size
176×176
Population
200
Speed
Normal
Resources
Standard
Victory
Conquest
Starting age
Dark Age
Ending age
Imperial Age
RankedLock teamsTeams togetherTeam positionsShared explorationLock speedFull tech treeHidden civsTurbo modeCheats
Victory
Defeat
🇨🇦 Chinese · Canada
1462
+15
🇺🇸 Bulgarians · United States
1456
+15
🇺🇸 Varangians · United States
1468
-16
🇺🇸 Danes · United States
1414
-14
el_Feist
3:39 Loom
3:54 Loom
10:22 Loom
12:59 Feudal Age
18:44 Wheelbarrow
22:36 Fletching
23:56 Horse Collar
26:12 Padded Archer Armor
29:15 Castle Age
27:41 Double-Bit Axe
29:25 Crossbowman
30:01 Bodkin Arrow
31:42 Gold Mining
32:19 Scale Mail Armor
32:31 Forging
37:23 Hand Cart
StayWokeStayBroke
3:02 Loom
3:51 Loom
13:10 Feudal Age
16:44 Castle Age
20:05 Double-Bit Axe
34:31 Scale Mail Armor
K1llaCapPilla
5:52 Loom
12:17 Feudal Age
15:33 Wheelbarrow
14:48 Double-Bit Axe
23:06 Castle Age
23:09 Horse Collar
25:44 Hand Cart
25:42 Bow Saw
27:03 Heavy Plow
26:55 Gold Mining
33:41 Town Watch
35:59 Gold Shaft Mining
35:15 Stone Mining
40:35 Imperial Age
Hajduk
2:56 Loom
12:39 Feudal Age
13:28 Double-Bit Axe
20:21 Castle Age
18:16 Horse Collar
19:21 Fletching
21:19 Bow Saw
21:49 Medium Warships
22:52 Stone Mining
25:51 Fishing Lines
32:01 Bodkin Arrow
33:02 Padded Archer Armor
33:41 Gillnets
38:10 Imperial Age
37:08 Wheelbarrow
37:05 Leather Archer Armor
39:53 Chemistry
39:14 Ballistics
Connection lost

Rejoining the realm…

Still unreachable

The connection could not be restored.

Session expired

The server has moved on; the page needs a fresh start.